 Dungeon Crawl Stone Soup version 0.14-a0-1192-g192f278 (webtiles) character file.

2263 PolkaDot the Sneak (level 8, 0/56 HPs)
             Began as a Vampire Assassin on Nov 30, 2013.
             Was an Elder of Yredelemnul.
             Succumbed to poison (a potion of poison)
             ... on Level 8 of the Dungeon.
             The game lasted 00:23:53 (5759 turns).

PolkaDot the Sneak (Vampire Assassin)               Turns: 5759, Time: 00:23:54

HP   0/56        AC  4     Str 10      XL: 8   Next: 91%
MP  16/16        EV 13     Int 13      God: Yredelemnul [****..]
Gold 389         SH  0     Dex 17      Spells:  0 memorised,  7 levels left

rFire  . . .     SeeInvis +     a - +2 dagger
rCold  . . .     Clarity  .     n - +0 robe (curse)
rNeg   + + .     Conserve .     (no shield)
rPois  .         rCorr    .     (no helmet)
rElec  .         rRot     .     d - +0 cloak
SustAb . .       Spirit   .     t - +0 pair of elf gauntlets
rMut   .         Warding  +     (no boots)
Saprov . . .     Stasis   .     G - amulet of warding
                                (no ring)
                                g - ring of protection from magic

@: mildly poisoned, very slightly contaminated, hasted, very quick, quite
resistant to hostile enchantments, very stealthy
A: bottle blood, fangs 3, see invisible, unbreathing
a: Bat Form, Bottle Blood, Animate Dead, Recall Undead Slaves, Injury Mirror,
Drain Life, Renounce Religion


You were on level 8 of the Dungeon.
You worshipped Yredelemnul.
Yredelemnul was greatly pleased with you.
You were not thirsty.

You visited 1 branch of the dungeon, and saw 8 of its levels.
You also visited: Sewer.

You collected 389 gold pieces.

Inventory:

Hand weapons
 a - a +2,+2 dagger (weapon)
 b - a +0 blowgun
Missiles
 e - 28 poisoned needles
 f - 2 curare-tipped needles
 m - 8 needles of sleeping
Armour
 d - a +0 cloak (worn)
 n - a cursed +0 robe (worn)
 t - a +0 pair of elven gauntlets (worn)
Magical devices
 j - a wand of polymorph (16) {unknown}
 z - a wand of paralysis (0)
 B - a wand of flame (8)
Scrolls
 c - 5 scrolls of recharging {unknown}
 h - a scroll of enchant weapon II {unknown}
 o - 3 scrolls of curse armour {unknown}
 q - 2 scrolls of random uselessness {unknown}
 s - 2 scrolls of fear {unknown}
 u - 2 scrolls of fog {unknown}
 v - 4 scrolls of teleportation {unknown}
 C - 3 scrolls of enchant weapon I {unknown}
 D - 2 scrolls of curse jewellery {unknown}
Jewellery
 g - a ring of protection from magic (left hand)
 y - a cursed ring of teleportation
 E - an uncursed amulet of conservation
 G - an amulet of warding (around neck)
Potions
 k - a potion of mutation
 l - 2 potions of restore abilities
 p - a potion of lignification
 w - 3 potions of paralysis
 x - 2 potions of curing
 F - a potion of cure mutation


   Skills:
 - Level 2.1 Fighting
 + Level 7.4 Short Blades
 - Level 1.5 Throwing
 - Level 3.0 Dodging
 - Level 7.6 Stealth
 * Level 6.4 Invocations
 + Level 4.2 Evocations


You had 7 spell levels left.
You didn't know any spells.

Dungeon Overview and Level Annotations

Branches:
Dungeon (8/16)             Temple (0/1) D:6
   Lair: D:8-11

Altars:
Cheibriados
Okawaru
Vehumet
Xom
Yredelemnul
Zin

Shops:
D:4 [

Portals:
Ziggurat: D:3 (3470 gp)


Innate Abilities, Weirdness & Mutations

You can bottle blood from corpses.
You have razor-sharp teeth.*
You have supernaturally acute eyesight.
You can survive without breathing.*


Message History

You are very lightly contaminated with residual magic.
* * * LOW HITPOINT WARNING * * *
You feel sick.
* * * LOW HITPOINT WARNING * * *
You feel sick.
* * * LOW HITPOINT WARNING * * *
You feel sick.
* * * LOW HITPOINT WARNING * * *
You feel sick.
* * * LOW HITPOINT WARNING * * *
You feel sick.
* * * LOW HITPOINT WARNING * * *
You feel sick.
You feel a little better.
Read which item? (? for menu, Esc to quit)
Blink to where?
Press: ? - help, Dir - move target cursor
As you read the scroll of blinking, it crumbles to dust.
You die...
Yredelemnul claims you as an undead slave.

#........#....##...#.....##.....#
<.....>..#....##...#.....####.###
#........#######...#.....####.#
######+### #...####.....#....#
######.# #.#.####.....#....##
.....#.# #.#.......>###.....#
.....#.# #.########....##...#
.....#.######.########....##.).#
.....D.F§.).....@.........##...#
.....########.########....##...#
.....# #.# #.....'.<.# .....# #.#
#....##...# .....# #.#
#....###### .....# #.# #....#
...z.# #.# #.#### .....# .## #.#
.....# #.#


There were no monsters in sight!

Vanquished Creatures
  Grinder (D:4)
  Eustachio (D:4)
  2 ice beasts
  A black bear (D:5)
  2 ogres
  A giant frog (D:8)
  A centaur (D:5)
  Blork the orc (D:4)
  2 crimson imps (D:5)
  A goliath beetle (D:6)
  2 hounds
  2 jellies
  A scorpion (D:4)
  An orange rat (Sewer)
  An iguana (D:5)
  2 worker ants
  Jessica (D:2)
  Terence (D:2)
  2 green rats
  7 adders
  An inept feature mimic (D:6)
  4 worms
  An iguana skeleton (D:5)
  An adder skeleton (D:4)
  15 grey rats
  A giant eyeball (D:6)
  2 oozes
  9 orcs
  9 bats
  A bat skeleton (D:6)
  5 giant cockroaches
  10 hobgoblins
  8 kobolds
  5 quokkas
  7 ball pythons
  4 giant geckos
  14 giant newts
  10 goblins
  8 jackals
  An orc zombie (D:5)
  17 rats
  A spectral orc (D:2)
  4 ballistomycetes (D:7)
171 creatures vanquished.

Vanquished Creatures (collateral kills)
  An ogre (D:5)
  Sigmund (D:4)
  A gnoll (D:4)
  An adder (D:4)
  A worm (D:4)
  3 orcs
  A hobgoblin (D:4)
  A giant newt (D:4)
  A giant spore (D:7)
  A kobold (D:5)
  2 rats
14 creatures vanquished.

Vanquished Creatures (others)
  A hound zombie (D:7)
  A mummy (D:6)
  2 bat zombies (D:6)
  A gnoll zombie (D:5)
  A giant gecko zombie (D:5)
  A giant newt skeleton (D:4)
  A jackal skeleton (D:8)
  2 kobold zombies
10 creatures vanquished.

Grand Total: 195 creatures vanquished

Notes
Turn   | Place    | Note
--------------------------------------------------------------
     0 | D:1      | PolkaDot, the Vampire Assassin, began the quest for the Orb.
     0 | D:1      | Reached XP level 1. HP: 15/15 MP: 1/1
   230 | D:1      | Reached XP level 2. HP: 21/21 MP: 2/2
   624 | D:2      | Reached XP level 3. HP: 26/26 MP: 3/3
   645 | D:2      | Found a basalt altar of Yredelemnul.
   652 | D:2      | Became a worshipper of Yredelemnul the Dark
   669 | D:2      | Noticed Jessica
   680 | D:2      | Killed Jessica
   680 | D:2      | Reached skill level 6 in Stealth
   752 | D:2      | Noticed Terence
   760 | D:2      | Killed Terence
   760 | D:2      | Reached XP level 4. HP: 33/33 MP: 4/4
  1004 | D:2      | Found a radiant altar of Vehumet.
  1051 | D:3      | Found a glowing drain.
  1119 | Sewer    | Entered a sewer
  1154 | Sewer    | Acquired Yredelemnul's first power
  1342 | Sewer    | Reached XP level 5. HP: 23/38 MP: 5/5
  1660 | D:3      | Reached skill level 7 in Stealth
  1733 | D:3      | Acquired Yredelemnul's second power
  1826 | D:3      | Reached skill level 5 in Short Blades
  1969 | D:3      | Found a gateway to a ziggurat.
  2134 | D:4      | Found a snail-covered altar of Cheibriados.
  2136 | D:4      | Noticed Eustachio
  2144 | D:4      | Killed Eustachio
  2144 | D:4      | Reached XP level 6. HP: 38/44 MP: 5/8
  2228 | D:4      | Noticed Sigmund
  2240 | D:4      | Killed Sigmund
  2402 | D:4      | Found Uxacaaq's Armour Boutique.
  2460 | D:4      | Noticed Blork the orc
  2464 | D:4      | Killed Blork the orc
  2464 | D:4      | Reached XP level 7. HP: 49/49 MP: 10/10
  2539 | D:4      | Noticed Grinder
  2539 | D:4      | Paralysed by Grinder for 4 turns
  2555 | D:4      | Killed Grinder
  2555 | D:4      | Reached skill level 1 in Evocations
  2716 | D:4      | Acquired Yredelemnul's third power
  2853 | D:5      | Entered Level 5 of the Dungeon
  3084 | D:5      | Reached XP level 8. HP: 24/56 MP: 13/13
  3317 | D:5      | Found an iron altar of Okawaru.
  3423 | D:5      | Reached skill level 5 in Invocations
  3817 | D:6      | Found a shimmering altar of Xom.
  3818 | D:6      | Received a gift from Yredelemnul
  3880 | D:6      | Found a staircase to the Ecumenical Temple.
  5442 | D:8      | Found a glowing silver altar of Zin.
  5564 | D:8      | Acquired Yredelemnul's fourth power
  5755 | D:8      | HP: 2/56 [poison (a potion of poison)]
  5759 | D:8      | Succumbed to poison (a potion of poison)

Action                   |  1- 3 |  4- 6 |  7- 9 || total
-------------------------+-------+-------+-------++-------
Melee: Dagger            |    72 |   270 |   352 ||   694
Invok: Animate Remains   |       |     9 |     5 ||    14
       Animate Dead      |       |       |    13 ||    13
       Recall Undead Sla |       |       |     4 ||     4
Evoke: Wand              |       |     3 |    12 ||    15
  Use: Potion            |     1 |     5 |     7 ||    13
       Scroll            |       |     3 |     5 ||     8
 Stab: Sleeping          |    10 |    20 |    15 ||    45
       Paralysed         |       |     3 |     3 ||     6
       Invisible         |       |       |     2 ||     2
